 Dungeon Crawl Stone Soup version 0.26-a0-1176-g060ceda6a5 (webtiles) character file.

Game seed: 2378622102863986839

27 Anon1729 the Vexing (level 2, 0/16 HPs)
             Began as a Deep Elf Arcane Marksman on Dec 24, 2020.
             Slain by an adder (2 damage)
             ... on level 1 of the Dungeon.
             The game lasted 00:02:14 (946 turns).

Anon1729 the Vexing (Deep Elf Arcane Marksman)       Turns: 946, Time: 00:02:14

Health: 0/16       AC:  3    Str:  7    XL:     2   Next: 93%
Magic:  4/6        EV: 13    Int: 17    God:
Gold:   39         SH:  0    Dex: 15    Spells: 3/4 levels left

rFire    . . .     SeeInvis .   a - +0 shortbow
rCold    . . .     Faith    .   (shield currently unavailable)
rNeg     . . .     Spirit   .   e - +0 robe
rPois    .         Reflect  .   (no helmet)
rElec    .         Harm     .   g - +0 cloak {Will+}
rCorr    .         Rampage  .   (no gloves)
Will     +....                  (no boots)
Stlth    +.........             (no amulet)
HPRegen  0.05/turn              (no ring)
MPRegen  0.10/turn              (no ring)

@: lethally poisoned (0 -> -11)
A: no striking features
a: no special abilities


You were on level 1 of the Dungeon.
You visited 1 branch of the dungeon, and saw 2 of its levels.

You collected 39 gold pieces.

Inventory:

Hand Weapons
 a - a +0 shortbow (weapon)
Missiles
 d - 12 arrows (quivered ammo)
Armour
 e - a +0 robe (worn)
 g - a +0 cloak of willpower (worn)
Scrolls
 c - 2 scrolls of identify {unknown}
Potions
 b - 2 potions of resistance {unknown}
 f - a potion of heal wounds {unknown}


   Skills:
 - Level 0.7 Fighting
 + Level 4.1 Bows
 - Level 2.7 Dodging
 - Level 1.8 Spellcasting
 - Level 4.2 Hexes


You had 3 spell levels left.
You knew the following spells:

 Your Spells              Type           Power        Failure   Level
a - Corona                Hex            16%          3%          1

Your spell library contained the following spells:

 Spells                   Type           Power        Failure   Level
 Slow                     Hex            15%          5%          2
 Inner Flame              Hex/Fire       8%           26%         3
 Portal Projectile        Hex/Tloc       16%          26%         3
 Cause Fear               Hex            7%           34%         4
 Leda's Liquefaction      Hex/Erth       4%           63%         4


Dungeon Overview and Level Annotations

Branches:
Dungeon (2/15)

Altars:


Message History

You shoot an arrow. The arrow hits the adder.
The adder is almost dead.
The adder bites you.
You are poisoned.
The adder poisons you! The adder barely misses you. The adder bites you.
You are more poisoned.
The adder poisons you! The adder bites you.
You are more poisoned.
The adder poisons you!
You feel sick. The adder closely misses you.
The adder bites you but does no damage.
You climb upwards.
* * * LOW HITPOINT WARNING * * *
You feel sick.
There is a stone staircase leading down here.
* * * LOW HITPOINT WARNING * * *
You feel sick. The adder bites you but does no damage.
* * * LOW HITPOINT WARNING * * *
You feel sick. The adder bites you.
You die...

#.##.######...#......
######.##.# #...#.#####
#.........# ###...#.## #
#.####.#..# #........# #
#.#....#..####.#......####
#.#.####..................
#.#.#####.#.###'###.#....#
#.#.......#.#.....#.#.##..
#.#######@#.#.....#.#.....
#.#######S#.#.....#.......
#.#......S..#.###.###.####
#.........###.#.#.# #.....
###.####### #.###.# #.####
#.# #.....# #..... #.#
#..<..# ###### #.# #.....#
##.###### #######


You could see 2 adders.

Vanquished Creatures
  A dart slug (D:1)
  2 leopard geckos (D:1)
  A ball python (D:1)
  A giant cockroach (D:1)
  5 goblins (D:1)
  3 hobgoblins (D:1)
  2 bats (D:1)
  A frilled lizard (D:1)
  3 kobolds (D:1)
  4 rats (D:1)
23 creatures vanquished.

Notes
Turn   | Place    | Note
-------+----------+-------------------------------------------
     0 | D:1      | Anon1729 the Deep Elf Arcane Marksman began the quest for
                  | the Orb.
     0 | D:1      | Reached XP level 1. HP: 11/11 MP: 5/5
   146 | D:1      | Reached XP level 2. HP: 16/16 MP: 3/6
   946 | D:1      | Slain by an adder

Illustrated notes

Levels and vault maps discovered:
D:1:      nicolae_arrival_memento_mori, layout_basic
D:2:      minmay_door_path, layout_rooms, gammafunk_temple_overflow_arena,
          uniq_sigmund

Skill      XL: |  1  2 |
---------------+-------+-----
Bows           | 3 4 |  4.1
Fighting       | |  0.7
Dodging        | |  2.7
Spellcasting   | |  1.8
Hexes          | |  4.2

Action                   || total
-------------------------++-------
 Fire: Shortbow          ||    51
 Cast: Corona            ||    24
Armor: Robe              ||     4
Dodge: Dodged            ||     8

Table legend: (Time is in decaauts)
 A = Elapsed time spent in this place.
 B = Non-inter-level travel time spent in this place.
 C = Inter-level travel time spent in this place.
 D = Time resting spent in this place.
 E = Time spent auto-exploring this place.
 F = Levels seen in this place.
 G = Mean time per level.
                   A        B        C        D        E       F      G
               +--------+--------+--------+--------+--------+-----+--------+
         Total |    952 |    932 |     20 |      0 |    779 |   2 |  476.0 |
       Dungeon |    952 |    932 |     20 |      0 |    779 |   2 |  476.0 |
               +--------+--------+--------+--------+--------+-----+--------+

Top non-repeatable levels by time:
     D:1: 945 daAuts
     D:2: 7 daAuts
